 Dungeon Crawl Stone Soup version 0.26.1-11-gd32895ea62 (webtiles) character file.

Game seed: 15460081538034250550

43 nightchill the Slasher (level 3, 0/29 HPs)
             Began as a Vampire Fighter on Apr 12, 2021.
             Slain by an adder (2 damage)
             ... on level 1 of the Dungeon on Apr 13, 2021.
             The game lasted 00:01:35 (917 turns).

nightchill the Slasher (Vampire Fighter)             Turns: 917, Time: 00:01:36

Health: 0/29       AC:  6    Str: 15    XL:     3   Next: 37%
Magic:  3/3        EV:  6    Int: 11    God:
Gold:   109        SH:  8    Dex: 13    Spells: 2/2 levels left

rFire    . . .     SeeInvis +   a - +0 long sword
rCold    . . .     Faith    .   c - +0 kite shield
rNeg     . . .     Spirit   .   b - +0 scale mail
rPois    .         Reflect  .   (no helmet)
rElec    .         Harm     .   (no cloak)
rCorr    .         Rampage  .   (no gloves)
Will     .....                  (no boots)
Stlth    ..........             (no amulet)
HPRegen  0.29/turn              (no ring)
MPRegen  0.08/turn              (no ring)

@: lethally poisoned (0 -> -3), regenerating quickly
A: fangs 3, see invisible, unbreathing
a: Exsanguinate


You were on level 1 of the Dungeon.
You visited 1 branch of the dungeon, and saw 2 of its levels.

You collected 109 gold pieces.

Inventory:

Hand Weapons
 a - a +0 long sword (weapon)
Armour
 b - a +0 scale mail (worn)
 c - a +0 kite shield (worn)
Jewellery
 k - an uncursed ring of ice {unknown}
Scrolls
 f - a scroll of teleportation {unknown}
 g - 2 scrolls of blinking {unknown}
 h - a scroll of random uselessness {unknown}
 i - a scroll of identify {unknown}
 m - a scroll of magic mapping {unknown}
Potions
 d - a potion of might
 j - a potion of experience {unknown}
 l - a potion of lignification {unknown}


   Skills:
 + Level 3.2 Fighting
 * Level 3.3 Long Blades
 - Level 2.4 Armour
 - Level 2.6 Shields


You had 2 spell levels left.
You didn't know any spells.
Your spell library was empty.

Dungeon Overview and Level Annotations

Branches:
Dungeon (2/15)

Altars:


Innate Abilities, Weirdness & Mutations

Your natural rate of healing is unusually fast.
You have razor-sharp teeth.
You have supernaturally acute eyesight. (SInv)
You can survive without breathing.


Message History

The adder bites you but does no damage.
You miss the adder.
The adder is severely wounded.
You feel sick. The adder bites you.
* * * LOW HITPOINT WARNING * * *
You are more poisoned.
The adder poisons you! The adder barely misses you.
You riposte.
You slash the adder!
The adder is almost dead.
The adder bites you but does no damage.
You completely miss the adder. Your bite misses the adder.
The adder is severely wounded.
You feel sick. You block the adder's attack. x2
The adder bites you but does no damage. The adder bites you.
* * * LOW HITPOINT WARNING * * *
You slash the adder!
You kill the adder!
* * * LOW HITPOINT WARNING * * *
You feel sick. The adder bites you but does no damage. The adder bites you.
You die...

#.....######P.# #...#
###........#..########## ####
###..>.....#..#......... #..#
#.#........#..########## #..#
#.#....#####..# # #..#
#.#....#b.bPb.########## #..#
###....#bP..b.#.........
#..######....########......)..
#...........S@................
#............#†...............
#............#...............÷
#............#................
#............####+##......####
###########...................
###.....##..........
#.................
#####.#.......#.##....


You could see an adder.

Vanquished Creatures
  An adder (D:1)
  An ooze (D:1)
  2 dart slugs (D:1)
  A leopard gecko (D:1)
  2 giant cockroaches (D:1)
  5 goblins (D:1)
  6 hobgoblins (D:1)
  4 kobolds (D:1)
  2 ball pythons (D:1)
  2 bats (D:1)
  2 frilled lizards (D:1)
  5 rats (D:1)
33 creatures vanquished.

Notes
Turn   | Place    | Note
-------+----------+-------------------------------------------
     0 | D:1      | nightchill the Vampire Fighter began the quest for the Orb.
     0 | D:1      | Reached XP level 1. HP: 17/17 MP: 1/1
   164 | D:1      | Reached XP level 2. HP: 21/23 MP: 2/2
   365 | D:1      | Reached XP level 3. HP: 21/29 MP: 3/3
   917 | D:1      | Slain by an adder

Illustrated notes

Levels and vault maps discovered:
D:1:      dpeg_arrival_simpleton_a, layout_basic, serial_aquarium,
          aquarium_bridge_square [aquarium_subvault_window,
          aquarium_subvault_wall, aquarium_subvault_bridge,
          aquarium_subvault_bridge], aquarium_window_fake, aquarium_window_1,
          aquarium_window_2, aquarium_window_fake, aquarium_view_4,
          aquarium_balcony_3b, aquarium_pool_2
D:2:      layout_rooms, uniq_jessica, uniq_natasha

Skill      XL: |  1  2 |
---------------+-------+-----
Fighting       | 3 |  3.2
Long Blades    | 3 |  3.3
Armour         | |  2.4
Shields        | |  2.6

Action                   || total
-------------------------++-------
Melee: Long sword        ||   111
       Bite              ||     6
  Use: Potion            ||     1
Armor: Scale mail        ||    49
Dodge: Dodged            ||    32
Block: Kite shield       ||    71
       Rpst.: Long sword ||     7
